[Event "*** Titled Tuesday Blitz"]
[Site "Chess.com"]
[Date "2021.04.27"]
[Round "2"]
[White "oskariot"]
[Black "WuinaterJr"]
[Result "0-1"]
[WhiteElo "2740"]
[BlackElo "2542"]
[TimeControl "180+1"]
[EndTime "10:19:48 PDT"]
[Termination "WuinaterJr won by resignation"]

1. e4 c5 2. Nf3 d6 3. Nc3 a6 4. h3 Nf6 5. g4 g6 6. Bg2 Bg7 7. d4 cxd4 8. Nxd4 O-O 9. O-O Qc7 10. Nde2 Nc6 11. Ng3 b5 12. g5 Nd7 13. a4 b4 14.
Nd5 Qd8 15. f4 Bb7 16. Kh1 Rc8 17. Rb1 a5 18. Rf2 Re8 19. h4 Nb6 20. Ne3 Nxa4 21. Ng4 Nc5 22. Nh6+ Bxh6 23. gxh6 e5 24. Qg4 exf4 25.
Bxf4 Ne5 26. Bxe5 Rxe5 27. Rbf1 Rc7 28. Qf4 Ne6 29. Qg4 Nd4 30. c3 Bc8 31. Qf4 Ne6 32.
Qe3 Ba6 33. Rd1 Qxh4+ 34. Kg1 Rg5 35. Nh1 Rh5 36. Bf3 Rg5+ 37. Bg2 Rh5 38. Bf3 Qg5+ 39.
Qxg5 Rxg5+ 40. Kh2 bxc3 41. bxc3 Rxc3 42. Rxd6 Bc4 43.
Rc6 Kf8 44. Be2 Nd4 45. Rxc4 Nxe2 46. Rxc3 Nxc3 47. Ng3 a4 48. Rc2 Rc5 49. e5 a3 50.
Ne2 Ne4 51. Ra2 Ra5 52. Kg2 Ke7 53. Kf3 Nc5 54. Ke3 Ke6 55. Kd4 Nd7 56. Nc3 Rxe5 57. Rxa3 Rh5 58. Ra6+ Ke7 59. Nd5+ Rxd5+ 60. Kxd5 Nf6+ 61.
Kd4 Ng4 62. Ke4 Nxh6 63. Kd5 Nf5 64. Ra7+ Kf6 65. Ra6+ Kg5 66. Ke5 h5 67. Ra1 h4 68.
Rg1+ Ng3 69. Kd4 f5 70. Ke3 Kg4 71. Kf2 f4 72. Rb1 g5 73. Rb4 h3 74. Rb5 h2 75.
Kg2 h1=Q+ 0-1

[Event "*** Titled Tuesday Blitz"]
[Site "Chess.com"]
[Date "2021.04.27"]
[Round "2"]
[White "IMRosen"]
[Black "GameOverBro"]
[Result "0-1"]
[WhiteElo "2671"]
[BlackElo "2502"]
[TimeControl "180+1"]
[EndTime "10:19:48 PDT"]
[Termination "GameOverBro won on time"]

1. d4 d6 2. e4 Nf6 3. Nc3 e5 4. Nf3 Nbd7 5. Bc4 Be7 6. O-O c6 7. Re1 h6 8. a4 Qc7 9. h3 Nf8 10.
Be3 Ng6 11. Qb1 O-O 12. Qa2 Nh5 13. Rad1 Nhf4 14. Ne2 Nxe2+ 15. Rxe2 b6 16. Red2 a6 17.
c3 Rb8 18. Bb3 b5 19. a5 c5 20. dxc5 dxc5 21. Bd5 c4 22. Bb6 Rxb6 23. axb6 Qxb6 24. Nh2 Bc5 25. Qb1 Nf4 26. Nf1 Qg6 27. Ne3 Nxg2 28.
Kh2 Nxe3 29. fxe3 Bxe3 30. Rg2 Bf4+ 31. Kg1 Qh5 32. Re1 Bxh3 33. Qc2 Qf3 34. Qe2 Bxg2 35. Qxg2 Be3+ 36. Kh2 Qh5+ 37. Qh3 Bf4+ 38. Kg2 Qg5+ 39. Kf3 Bd2 40. Re2 Qf4+ 41. Kg2 Bc1 42. Qg3 Qxg3+ 43.
Kxg3 Rd8 44. Rc2 Bf4+ 45. Kf3 g6 46. Rg2 Kg7 47. Rg1 Rd6 48. Rd1 h5 49. Rh1 Rb6 50. Rb1 g5 51. b3 g4+ 52. Ke2 cxb3 53. Rxb3 Kf6 54. c4 h4 55. c5 Rb8 56. Ra3 h3 57.
Rxa6+ Kg5 58. Ra1 g3 59. c6 g2 60. Kf3 f5 61. Be6 fxe4+ 62. Kxe4 Kh4 63. c7 Rf8 64. c8=Q Rxc8 65. Bxc8 Bh2 66. Bd7 g1=Q 67. Rxg1 Bxg1 68. Kf3 b4 69. Be6 Bd4 70. Bd5 h2 71. Kg2 Bg1 0-1

[Event "*** Titled Tuesday Blitz"]
[Site "Chess.com"]
[Date "2021.04.27"]
[Round "2"]
[White "Mikhal867"]
[Black "miredenizdogan"]
[Result "1/2-1/2"]
[WhiteElo "2436"]
[BlackElo "2241"]
[TimeControl "180+1"]
[EndTime "10:19:48 PDT"]
[Termination "Game drawn by repetition"]

1. c4 e6 2. g3 d5 3. Bg2 Nf6 4. Nf3 Be7 5. O-O O-O 6. b3 c5 7. cxd5 exd5 8. d4 b6 9. Nc3 Bb7 10. Bb2 Nc6 11. e3 Rc8 12. Qe2 Re8 13. dxc5 bxc5 14. Rfd1 Bf8 15. Qb5 Rb8 16. Nh4 Nb4 17.
Rac1 Bc6 18. Qf1 Qb6 19. Nf5 g6 20. Nh4 Rbd8 21. a3 Na6 22. Rb1 d4 23. exd4 Bxg2 24.
Nxg2 cxd4 25. Na4 Qxb3 26. Qxa6 Rd6 27. Qxa7 Re7 28. Bxd4 Qxd1+ 29. Rxd1 Rxa7 30. Nc5 Rxa3 31. Ne3 Nd7 32. Nxd7 Rxd7 33. Bb2 Rxd1+ 34. Nxd1 Rb3 35. Kg2 Bg7 36. Bxg7 Kxg7 37. Ne3 h5 38. h4 f5 39. Nd5 Ra3 40. Nf4 Ra2 41. Nd5 Kf7 42. Kf3 Ke6 43.
Nb4 Rb2 44. Nc6 Rb3+ 45. Kg2 Kf6 46. Nd4 Rd3 47. Ne2 Rd2 48. Nf4 Rd4 49. Kf3 Ra4 50. Ne2 Ra3+ 51. Kg2 Ke5 52. Nf4 Ra6 53. Nd3+ Kd4 54. Nf4 Ke4 55. Nh3 Ke5 56. Nf4 Kf6 57.
Nh3 Ra4 58. Nf4 Rxf4 59. gxf4 Ke6 60. Kf3 Kd5 61. Ke3 Kc4 62. Kd2 Kd4 63. f3 Kc4 64. Kc2 Kd4 65. Kd2 Kc4 66. Kc2 Kb4 67. Kb2 Kc4 68. Kc2 1/2-1/2

[Event "*** Titled Tuesday Blitz"]
[Site "Chess.com"]
[Date "2021.04.27"]
[Round "2"]
[White "GoValya"]
[Black "AldokhinIvan"]
[Result "0-1"]
[WhiteElo "2283"]
[BlackElo "2530"]
[TimeControl "180+1"]
[EndTime "10:19:49 PDT"]
[Termination "AldokhinIvan won by resignation"]

1. d4 Nf6 2. c4 g6 3. g3 Bg7 4. Bg2 O-O 5. Nc3 d6 6. e4 Nc6 7. Nf3 Re8 8. O-O e5 9. dxe5 dxe5 10.
Be3 Bg4 11. Qb3 Nd4 12. Bxd4 exd4 13. Rad1 Nd7 14. Nd5 c6 15. Nf4 Nc5 16. Qb4 Qb6 17. Qxb6 axb6 18. h3 Bxf3 19. Bxf3 Rxa2 20. b4 Nxe4 21.
Rfe1 f5 22. Nd3 Kf7 23. g4 Nd2 24. Be2 Nxc4 25. Nc1 Rc2 26. Bd3 Rxe1+ 27. Rxe1 Rc3 28. gxf5 Ne5 29. fxg6+ hxg6 30. Be4 Kf6 31. Ne2 Rc4 32. Rd1 c5 33. bxc5 bxc5 34. Bxb7 Rc2 35. Nf4 Bh6 36. Nd5+ Kg7 37. Kg2 Nc4 38. Re1 Ne3+ 39. Nxe3 Bxe3 40. Rf1 c4 41. Be4 Rd2 42. Kg3 Bg5 43. f4 Be7 44. f5 Bd6+ 45. Kh4 gxf5 46. Bxf5 d3 47. Rg1+ Kf6 48.
Be4 Bc5 49. Rg6+ Ke5 50. Bf3 Be7+ 51. Kh5 Kd4 52. Re6 Bc5 53. Re4+ Kc3 54. Bg4 Rc2 55. Be6 Kb4 56. Bg4 Rf2 57. h4 d2 58.
Kg5 Rg2 59. Kf5 Rxg4 60. Rxg4 d1=Q 61. h5 Qf3+ 62. Kg5 Be7+ 63. Kh6 Qxg4 64. Kh7 Bf8 65. h6 Bxh6 66. Kxh6 Kc5 0-1

[Event "*** Titled Tuesday Blitz"]
[Site "Chess.com"]
[Date "2021.04.27"]
[Round "2"]
[White "BahadirOzen"]
[Black "UKR_Master"]
[Result "1/2-1/2"]
[WhiteElo "2673"]
[BlackElo "2488"]
[TimeControl "180+1"]
[EndTime "10:19:53 PDT"]
[Termination "Game drawn by repetition"]

1. g3 d5 2. Bg2 g6 3. Nf3 Bg7 4. d4 Nf6 5. O-O O-O 6. c4 dxc4 7. Na3 c3 8. bxc3 c5 9. Ne5 Nfd7 10. Nac4 Nxe5 11. Nxe5 Nd7 12. Nxd7 Qxd7 13. e3 Rb8 14. Ba3 cxd4 15. cxd4 b6 16. Rc1 Ba6 17. Re1 Rfc8 18. Qb3 e6 19. h4 h5 20. Bf3 Rxc1 21. Rxc1 Rc8 22. Rc2 Bb7 23. Rxc8+ Qxc8 24. Bxb7 Qxb7 25. Bd6 Qc6 26. Bb8 a6 27. Ba7 b5 28. Bc5 Bf8 29. Bxf8 Kxf8 30. Qa3+ Ke8 31. Qa5 Qc1+ 32. Kg2 Qc6+ 33.
Kg1 Kd7 34. Qa3 Qd6 35. Qa5 Kc8 36. e4 Kb7 37. Qc3 Qc6 38. Qf3 f5 39. d5 exd5 40. exd5 Qd6 41. Qd3 Kc7 42. Qd4 Kb7 43. Qd3 Kb6 44.
Qd4+ Ka5 45. Qc3+ b4 46. Qc4 Kb6 47. Kf1 Qc5 48. Qb3 Qc1+ 49. Kg2 Qc3 50. Qa4 Qc4 51. Qd7 Qe4+ 52. Kg1 Qb1+ 53. Kg2 Qe4+ 54. Kg1 Kc5 55. Qc6+ Kd4 56. Qxa6 Qxd5 57. Qe2 Qc4 58. Qb2+ Kc5 59. Qe5+ Qd5 60. Qc7+ Qc6 61. Qe5+ Kb6 62. Qd4+ Ka6 63. Qd3+ Qb5 64. Qd6+ Qb6 65. Qd3+ Ka5 66. Qd5+ Qb5 67.
Qa8+ Qa6 68. Qd5+ Qb5 69. Qa8+ Qa6 70. Qd5+ Qb5 1/2-1/2

[Event "*** Titled Tuesday Blitz"]
[Site "Chess.com"]
[Date "2021.04.27"]
[Round "2"]
[White "gurelediz"]
[Black "NiranjanNavalgund"]
[Result "1-0"]
[WhiteElo "2677"]
[BlackElo "2475"]
[TimeControl "180+1"]
[EndTime "10:19:53 PDT"]
[Termination "gurelediz won by checkmate"]

1. e4 e5 2. Nf3 Nc6 3. Bb5 a6 4. Ba4 Nf6 5. O-O Be7 6. Re1 b5 7. Bb3 d6 8. c3 O-O 9. h3 Nb8 10. d4 Nbd7 11. Nbd2 Bb7 12. Bc2 Re8 13. Nf1 Bf8 14. Ng3 g6 15. Bg5 Bg7 16. Qc1 Qe7 17. Bh6 Qf8 18. Bxg7 Qxg7 19. a4 Nb6 20. axb5 axb5 21.
Bd3 c6 22. Rxa8 Bxa8 23. Qa1 Nfd7 24. Qa7 Qf6 25. Ra1 Qd8 26. Kf1 Qb8 27. Ke2 Rc8 28. Nf1 Qc7 29. Ne3 Bb7 30. Qa2 Ra8 31. Qb1 Na4 32. Qc1 Qa5 33. Nc2 c5 34. dxc5 dxc5 35. Ke1 c4 36. Be2 Bxe4 37. Nb4 Kg7 38. Qe3 Bxf3 39.
Bxf3 Re8 40. Bc6 Qc7 41. Rd1 Ndc5 42. Bxe8 Nxb2 43. Rd5 Nbd3+ 44. Nxd3 Nxd3+ 45. Kf1 Qa5 46. Kg1 Qa8 47. Rxe5 Nxe5 48. Qxe5+ Kf8 49. Bxb5 Qa1+ 50. Kh2 Qf1 51. Qc5+ Kg7 52. Bxc4 Qe1 53. Qd4+ Kg8 54. Qd8+ Kg7 55. Qd4+ Kg8 56. Qf6 Qe8 57. Bd5 Qd7 58. c4 Qc7+ 59. g3 Qa7 60. c5 Kf8 61. Qh8+ Ke7 62.
Qe5+ Kf8 63. Qd6+ Kg7 64. Kg2 Qa1 65. c6 Qc3 66. c7 h5 67. Qd7 Qc5 68. Qxf7+ Kh6 69.
Qd7 h4 70. c8=Q hxg3 71. Qxc5 gxf2 72. Qe3+ g5 73. Qee6+ Kh5 74. Qh7# 1-0

[Event "*** Titled Tuesday Blitz"]
[Site "Chess.com"]
[Date "2021.04.27"]
[Round "2"]
[White "MITerryble"]
[Black "SirStrateg"]
[Result "1-0"]
[WhiteElo "2885"]
[BlackElo "2582"]
[TimeControl "180+1"]
[EndTime "10:19:58 PDT"]
[Termination "MITerryble won by resignation"]

1. e4 Nf6 2. e5 Nd5 3. c4 Nb6 4. d4 d6 5. exd6 exd6 6. Bd3 Be7 7.
Nc3 O-O 8. Nge2 Be6 9. b3 Re8 10. O-O Bg4 11. Qc2 g6 12. Ng3 Nc6 13. Qd2 Nxd4 14.
Bxg6 hxg6 15. Qxd4 Be6 16. Nce4 c5 17. Qc3 d5 18.
Bh6 d4 19. Qd2 f5 20. Ng5 Bf6 21. Rfe1 Qd7 22. h4 Bf7 23. Nf3 Rxe1+ 24. Rxe1 Re8 25. Rd1 Nc8 26. Bg5 Bg7 27. Bh6 Bf6 28. Qf4 Nd6 29. Bg5 Bh8 30. h5 Ne4 31. hxg6 Bxg6 32. Nh4 Be5 33. Qc1 Bxg3 34. fxg3 Bh5 35. Rf1 Nxg3 36.
Rf2 Ne2+ 37. Rxe2 Rxe2 38. Qf4 Qe6 39. Qb8+ Kh7 40. Qxb7+ Bf7 41. Qf3 Re1+ 42. Kh2 Qe5+ 43. Bf4 Qe4 44. Qg3 Rf1 45. Nf3 Rxf3 46. gxf3 Qe2+ 47. Qg2 Qxg2+ 48. Kxg2 a5 49. a4 d3 50. Kf2 Kg6 51. Ke3 Kf6 52. Kxd3 Ke6 53. Bd2 Bh5 54. f4 Kd6 55. Bxa5 Kc6 56. Kc3 Bf3 57. Kb2 Kb7 58.
Bc3 Be4 59. Ka3 Kb6 60. Bf6 Bc6 61. Bd8+ Ka6 62. Be7 Kb6 63. a5+ Kxa5 64. Bxc5 Ka6 65. b4 Be4 66. b5+ Kb7 67. Kb4 Bd3 68. Kc3 Bf1 69.
Kb4 Bd3 70. Bd6 Be2 71. c5 Kc8 72. c6 Bf3 73. Kc5 Bd5 74. Kxd5 1-0

[Event "*** Titled Tuesday Blitz"]
[Site "Chess.com"]
[Date "2021.04.27"]
[Round "2"]
[White "kubal123"]
[Black "Mihnea2017"]
[Result "1-0"]
[WhiteElo "2273"]
[BlackElo "2447"]
[TimeControl "180+1"]
[EndTime "10:19:58 PDT"]
[Termination "kubal123 won by checkmate"]

1. e4 c5 2. Nf3 Nc6 3. d4 cxd4 4. Nxd4 Nf6 5. Nc3 e5 6. Ndb5 d6 7. Bg5 a6 8. Na3 b5 9. Nd5 Be7 10. Bxf6 Bxf6 11. c3 Bg5 12. Nc2 Rb8 13. g3 O-O 14. Bg2 Be6 15. h4 Bh6 16. O-O a5 17. Nce3 Bxe3 18.
Nxe3 b4 19. c4 Qc7 20. b3 Nd4 21. Nc2 Nxc2 22. Qxc2 a4 23. Rfd1 Ra8 24. Kh2 Rfd8 25. Qd2 Qc5 26. h5 h6 27. f3 Ra6 28. g4 f6 29. Kg3 Kf8 30. Qf2 Qxf2+ 31. Kxf2 Ke7 32. Rab1 axb3 33. axb3 Ra2+ 34. Kg3 Rda8 35. Rd3 Rc2 36.
Bf1 Raa2 37. Rbd1 Rab2 38. Rxd6 Rxb3 39. Rb6 Rcc3 40. Bg2 Rxc4 41. Rb7+ Ke8 42. Rd6 Bc8 43. Rxg7 Rbc3 44. Rxf6 b3 45. Rxh6 Kf8 46. Ra7 Kg8 47. Rg6+ Kh8 48. h6 Rc7 49. Rxc7 Rxc7 50. Rb6 Rb7 51.
Rxb7 Bxb7 52. Bf1 Kh7 53. g5 Bc8 54. Bd3 Be6 55. Kh4 Kg6 56. Bb1 Bg8 57. f4 exf4 58. e5+ Kf7 59. h7 Bxh7 60. Bxh7 Ke6 61. g6 f3 62. g7 f2 63. g8=Q+ Kxe5 64. Qe8+ Kf4 65. Qf8+ Ke3 66. Kg3 f1=Q 67. Qxf1 Kd4 68. Qb1 Kc4 69. Qb2 Kb4 70. Bg8 Ka5 71. Qxb3 Ka6 72. Bd5 Ka7 73.
Bc4 Ka8 74. Qb5 Ka7 75. Bb3 Ka8 76. Bd5+ Ka7 77. Qb7# 1-0

[Event "*** Titled Tuesday Blitz"]
[Site "Chess.com"]
[Date "2021.04.27"]
[Round "2"]
[White "dragos420"]
[Black "A-Fier"]
[Result "0-1"]
[WhiteElo "2559"]
[BlackElo "2832"]
[TimeControl "180+1"]
[EndTime "10:20:03 PDT"]
[Termination "A-Fier won by resignation"]

1. e4 c5 2. Nf3 d6 3. d4 cxd4 4. Nxd4 Nf6 5. Nc3 e6 6. Be3 Be7 7. f3 O-O 8. Qd2 Nc6 9. g4 a6 10.
O-O-O Nd7 11. h4 Nde5 12. Qf2 Nxd4 13. Bxd4 Bd7 14. g5 b5 15. f4 Nc6 16. f5 Nxd4 17.
Rxd4 b4 18. Ne2 Re8 19. f6 Bf8 20. Ng3 Qb6 21. Qd2 e5 22. Rd5 Be6 23. Bc4 Rac8 24.
Bb3 a5 25. fxg7 Bxg7 26. Rxd6 Qc5 27. Nf5 Bxf5 28. exf5 a4 29. Bxa4 e4 30. Bxe8 e3 31.
Qd3 Rxe8 32. f6 Bf8 33. Rd5 Qc6 34. Re1 e2 35. Rd8 Rxd8 36. Qxd8 Qe4 37. Qd3 Qxh4 38. Qxe2 Qxg5+ 39. Qe3 Qxf6 40. Rg1+ Kh8 41. Kb1 h6 42. Rh1 Bg7 43. c3 Qf5+ 44. Ka1 bxc3 45. bxc3 Qf6 46.
Qe8+ Kh7 47. Qe4+ Kh8 48. Qe8+ Kh7 49. Qe4+ Kg8 50. Qe8+ Bf8 51. Rg1+ Kh7 52. Qxf8 Qxc3+ 53. Kb1 Qd3+ 54. Kb2 Qd4+ 55. Kb3 Qe3+ 56. Kc4 Qxg1 57. Qxf7+ Kh8 58. Qf8+ Kh7 59. Qe7+ Kg6 60. Qe6+ Kg7 61. Qe7+ Kg6 62. Qe6+ Kh5 63. Qf5+ Kh4 64. Qf6+ Kh5 65.
Qf5+ Qg5 66. Qh3+ Kg6 67. Qe6+ Kg7 68. Qd7+ Kf6 69. Qd8+ Kf5 70. Qxg5+ hxg5 71. a4 g4 72. a5 g3 73. a6 g2 74. a7 g1=Q 75. a8=Q Qc1+ 76.
Kb4 Qb2+ 77. Kc4 Qc2+ 78. Kb4 Qd2+ 79. Kc4 Qf4+ 80. Kb3 Qe3+ 81. Kc4 Qe2+ 82. Kb4 Qd2+ 83. Kc4 Qc1+ 84. Kb4 Qb1+ 85. Kc4 Qe4+ 86. Kb3 Qxa8 0-1

[Event "*** Titled Tuesday Blitz"]
[Site "Chess.com"]
[Date "2021.04.27"]
[Round "2"]
[White "ri4mi"]
[Black "KonstantinB_1983"]
[Result "1-0"]
[WhiteElo "2301"]
[BlackElo "2497"]
[TimeControl "180+1"]
[EndTime "10:20:04 PDT"]
[Termination "ri4mi won by resignation"]

1. e4 c6 2. d4 d5 3. e5 Bf5 4. Nf3 e6 5. Be2 Nd7 6. O-O h6 7. Be3 g5 8. Nbd2 Bg7 9. c4 Ne7 10. c5 Ng6 11. b4 g4 12. Ne1 h5 13. a4 f6 14. exf6 Nxf6 15. b5 Qc7 16. a5 cxb5 17. Bxb5+ Kf7 18. Bd3 Ne7 19. Bxf5 Nxf5 20. Nd3 Nd7 21. Bf4 Qc8 22. Be5 Nxe5 23. dxe5 Qc7 24. Re1 Bh6 25. f4 Rhg8 26. Nb3 Bf8 27. Qe2 Be7 28. Reb1 h4 29. Qb2 h3 30. g3 Rab8 31. Rc1 Ne3 32. Nd4 Nc4 33. Qb4 Rgd8 34. Qe1 Bxc5 35.
Nxc5 Qxc5 36. Qf2 Kg8 37. Kh1 Re8 38. Rd1 Qe7 39. f5 exf5 40. Qxf5 Qxe5 41. Qxg4+ Qg7 42. Qxh3 Ne3 43. Rd3 Ng4 44. Rf1 Rf8 45. Rdf3 Rxf3 46. Nxf3 Rf8 47. Nh4 Nf2+ 48. Rxf2 Rxf2 49.
Qe6+ Qf7 50. Qg4+ Kf8 51. Qc8+ Kg7 52. Qg4+ Kf8 53. Qc8+ Qe8 54. Qc5+ Qe7 55. Qxf2+ Kg8 56. Kg1 Qe5 57. Nf5 Qa1+ 58. Kg2 Qe5 59. Qf4 Qe2+ 60.
Kh3 Qh5+ 61. Nh4 Qe2 62. Qg4+ Qxg4+ 63. Kxg4 b5 64. axb6 axb6 65. Kf4 b5 66. Ke5 b4 67.
Kd4 b3 68. Kc3 d4+ 69. Kxb3 d3 70. Kc3 d2 71. Kxd2 Kg7 72. Ke3 Kf7 73. Kf3 Ke7 74.
Ng2 Kf7 75. h4 Ke6 76. g4 Kf6 77. Kg3 1-0

[Event "*** Titled Tuesday Blitz"]
[Site "Chess.com"]
[Date "2021.04.27"]
[Round "2"]
[White "1977Ivan"]
[Black "AEMEffi"]
[Result "0-1"]
[WhiteElo "2658"]
[BlackElo "2333"]
[TimeControl "180+1"]
[EndTime "10:20:06 PDT"]
[Termination "AEMEffi won on time"]

1. d4 d5 2. c4 c6 3. cxd5 cxd5 4.
Nc3 Nf6 5. Bg5 Nc6 6. Bxf6 exf6 7. e3 Be7 8. g3 Be6 9. Bg2 O-O 10. Nge2 Qd7 11.
Nf4 Bb4 12. Rc1 Rac8 13. O-O Bxc3 14. Rxc3 Ne7 15. Qb3 Rxc3 16. Qxc3 Rc8 17. Qb3 b6 18. h4 h6 19. Re1 f5 20. Bf3 g6 21. Be2 Rc7 22.
Kg2 Kg7 23. Bb5 Qc8 24. Qa3 Qd8 25. b3 Nc8 26. Rc1 Nd6 27. Be2 Ne4 28. Bf3 Nf6 29. Nd3 Qc8 30. Rxc7 Qxc7 31. Qc1 Qxc1 32. Nxc1 Ne4 33.
Nd3 Nc3 34. a4 f6 35. Kf1 Kf7 36. Ke1 Ke7 37. Nf4 Bf7 38. Nd3 Ne4 39. b4 g5 40.
Bd1 g4 41. Bb3 Kd6 42. Nf4 Nc3 43. Bc2 Ne4 44. Bxe4 fxe4 45. Kd2 f5 46. Kc3 a5 47. Kb3 Kc6 48. Ne2 Kd6 49. Nc3 Kc6 50. Nb5 Be6 51. Na7+ Kb7 52. Nb5 Kc6 53. Nc3 Bf7 54. Na2 Be6 55.
Ka3 Kd6 56. Nc1 Kc6 57. Nb3 axb4+ 58. Kxb4 Bd7 59. a5 bxa5+ 60. Kxa5 Be6 61. Nc5 Bf7 62. Ka6 h5 63. Ka7 Kc7 64. Na6+ Kc6 65. Kb8 Kb5 66.
Nc5 Kc4 67. Kc7 Kc3 68. Kd6 Kd2 69. Ke5 Ke2 70. Kxf5 Kxf2 71. Kf4 Kg2 72. Nd7 Kf2 73. Ne5 Be8 74. Kf5 Kxe3 75. Ke6 Kxd4 76. Kd6 e3 0-1

[Event "*** Titled Tuesday Blitz"]
[Site "Chess.com"]
[Date "2021.04.27"]
[Round "2"]
[White "UmbertoConcelli"]
[Black "serhanberat_ozdemir"]
[Result "1/2-1/2"]
[WhiteElo "2827"]
[BlackElo "2568"]
[TimeControl "180+1"]
[EndTime "10:20:11 PDT"]
[Termination "Game drawn - insufficient material"]

1. d4 Nf6 2. c4 g6 3. Nc3 Bg7 4. Nf3 O-O 5. g3 d6 6. Bg2 c6 7.
O-O Qa5 8. e4 e5 9. h3 Re8 10.
Be3 Nbd7 11. d5 cxd5 12. cxd5 b5 13. a3 a6 14. Nd2 Bb7 15. b4 Qd8 16. Nb3 Rc8 17. Rc1 Nb6 18. Na5 Ba8 19. a4 Nc4 20.
Nxc4 Rxc4 21. Qb3 Qd7 22. Rfd1 Rec8 23. Bf1 Rxc3 24. Rxc3 Rxc3 25. Qxc3 Nxe4 26. Qc2 f5 27. axb5 axb5 28. Qa2 Bb7 29. Qa7 Bf8 30. Rc1 f4 31. gxf4 exf4 32. Bxf4 Qf5 33. Qe3 g5 34. Bg3 Qxd5 35.
Bg2 Qf5 36. Rc7 Bd5 37. Qd4 Qe6 38. Kh2 h5 39. Bxe4 Qxe4 40. Qxe4 Bxe4 41. h4 g4 42. Rd7 d5 43. Bd6 Bg7 44. Bc5 Be5+ 45. Kg1 Bf6 46.
Be7 Bd4 47. Kf1 Bd3+ 48. Ke1 Bc3+ 49. Kd1 d4 50. Rd5 Bc4 51. Rxh5 d3 52. Bg5 Bb3+ 53.
Kc1 Bxb4 54. Bd2 Ba3+ 55. Kb1 Bc2+ 56. Ka2 b4 57. Rg5+ Kf7 58. Rb5 Bd1 59. Bxb4 Bxb4 60. Rxb4 Be2 61. Rd4 Kg6 62. Kb2 Kh5 63. Kc3 Kxh4 64.
Kd2 Kg5 65. Ke3 Kf5 66. Rd5+ Ke6 67. Rd4 Ke5 68. Rxd3 Bxd3 69. Kxd3 Kf4 70. Ke2 Ke4 71. Kf1 Kf3 72. Kg1 g3 73. fxg3 Kxg3 1/2-1/2

[Event "*** Titled Tuesday Blitz"]
[Site "Chess.com"]
[Date "2021.04.27"]
[Round "2"]
[White "woodhy"]
[Black "Jungle_Jaguar"]
[Result "1/2-1/2"]
[WhiteElo "2508"]
[BlackElo "2701"]
[TimeControl "180+1"]
[EndTime "10:20:13 PDT"]
[Termination "Game drawn - insufficient material"]

1. e4 c5 2. Nf3 d6 3. d4 cxd4 4. Nxd4 Nf6 5. f3 e5 6. Nb3 Be6 7. Nc3 Nc6 8. Be3 d5 9. exd5 Nxd5 10. Nxd5 Qxd5 11. Be2 Bb4+ 12. c3 Be7 13. O-O O-O-O 14. Qe1 Qd7 15. Qf2 Kb8 16. Rfd1 Qc7 17. Bc5 Rxd1+ 18.
Rxd1 Rd8 19. Rxd8+ Qxd8 20. Bxe7 Qxe7 21. Qe3 Bxb3 22. axb3 f6 23. b4 a6 24. Qb6 Qc7 25. Qc5 Qd7 26. Qb6 Kc8 27. h3 Nd8 28. b5 axb5 29.
Bxb5 Qc7 30. Qe3 Ne6 31. Bd3 Nf4 32. Bf5+ Kb8 33. g3 Nd5 34. Qd2 Qb6+ 35. Qf2 g6 36.
Qxb6 Nxb6 37. Be6 Na4 38. Bg8 h6 39. Kf2 Kc7 40. Ke3 Kd6 41. Bf7 g5 42. Ke4 Nxb2 43. Kf5 Ke7 44. Bd5 Nd1 45. Bxb7 Nxc3 46. Kg6 Ne2 47. g4 Nf4+ 48. Kxh6 Nxh3 49. Kg6 Nf4+ 50. Kf5 Ne6 51. Bd5 Nd4+ 52. Kg6 Ne2 53. Kg7 Nf4 54. Bb3 Ne6+ 55. Kg6 Nc7 56. Bc4 Ne8 57. Bd5 Nd6 58. Kg7 Nb5 59. Bc4 Nc3 60. Bd3 Ke6 61. Bc4+ Ke7 62.
Bd3 Nd1 63. Kg6 Nf2 64. Bc4 e4 65. fxe4 Nxg4 66. Bd5 Ne5+ 67. Kf5 Nd7 68. Bc6 Ne5 69. Bd5 g4 70. Kf4 Kd6 71. Bb7 Kc5 72. Bc8 Kd4 73. Bf5 Kd3 74. Be6 Kd4 75. Bf5 Kd3 76. Be6 Ke2 77.
Bxg4+ Nxg4 78. Kxg4 Ke3 79. Kf5 Kf3 80. e5 fxe5 81. Kxe5 1/2-1/2

[Event "*** Titled Tuesday Blitz"]
[Site "Chess.com"]
[Date "2021.04.27"]
[Round "2"]
[White "platy3"]
[Black "AwareIdea"]
[Result "1/2-1/2"]
[WhiteElo "2844"]
[BlackElo "2570"]
[TimeControl "180+1"]
[EndTime "10:20:14 PDT"]
[Termination "Game drawn by agreement"]

1. e4 e5 2. Nf3 Nc6 3. Bc4 Bc5 4.
c3 Nf6 5. d4 exd4 6. e5 d5 7.
Bb5 Ne4 8. cxd4 Bb6 9. Nc3 O-O 10. Be3 Bg4 11. h3 Bh5 12. Qc2 Bg6 13. Qb3 Ne7 14.
O-O c6 15. Bd3 Nxc3 16. Qxc3 Bxd3 17. Qxd3 f6 18. exf6 Rxf6 19. Bg5 Re6 20. Rfe1 Qd7 21. Rxe6 Qxe6 22. Re1 Qf5 23. Qe3 Ng6 24. h4 h6 25.
Bxh6 gxh6 26. Qxh6 Rf8 27. h5 Nh8 28. Re7 Nf7 29.
Qg6+ Qxg6 30. hxg6 Nh6 31. Rxb7 Nf5 32. Ne5 Nxd4 33.
Ng4 Nf5 34. g3 d4 35. Rd7 c5 36. Kg2 c4 37. Kh3 c3 38. bxc3 dxc3 39. Rd1 c2 40. Rc1 Rc8 41. Nf6+ Kg7 42. Nd5 Bxf2 43. Nb4 Ne3 44. Nd3 Bxg3 45. Kxg3 Rc3 46. Ne5 Nc4+ 47.
Kf4 Nxe5 48. Kxe5 Kxg6 49. Kd4 Rc7 50. Kd3 Rc6 51. Rxc2 Ra6 52. Kc3 Kf6 53. Kb4 Ke6 54. Kb5 Rb6+ 55. Ka5 Kd6 56. a4 Kd7 57. Rh2 Kc7 58.
Rh7+ Kb8 59. Re7 Ka8 60. Re8+ Kb7 61. Re5 Kb8 62. Re8+ Kb7 63. Re1 Ra6+ 64. Kb4 Rb6+ 65. Ka3 Ka6 66. Re7 Rc6 67. Re5 Kb6 68. a5+ Ka6 69.
Kb4 Rh6 70. Re4 Rh5 71. Re6+ Kb7 72. a6+ Kc7 73. Rf6 Rg5 74. Rh6 Rf5 75. Kc4 Ra5 76. Kb4 Rd5 77. Kc4 Rd6 78. Rxd6 Kxd6 79. Kb5 Kd5 80.
Kb4 Kc6 81. Kc4 Kb6 82. Kb4 Kxa6 83. Ka4 Kb6 84. Kb4 a5+ 85. Ka4 Ka6 1/2-1/2

[Event "*** Titled Tuesday Blitz"]
[Site "Chess.com"]
[Date "2021.04.27"]
[Round "2"]
[White "adriangschnitzer"]
[Black "731291"]
[Result "0-1"]
[WhiteElo "2487"]
[BlackElo "2690"]
[TimeControl "180+1"]
[EndTime "10:20:14 PDT"]
[Termination "731291 won by resignation"]

1. e4 c5 2. a3 e5 3. Nc3 Nf6 4. Bc4 d6 5. d3 Be7 6. Nf3 O-O 7. h3 Be6 8. O-O Nc6 9. Be3 d5 10.
exd5 Nxd5 11. Nxd5 Bxd5 12. Qe2 Re8 13. Nd2 Bf8 14.
Rae1 Qd7 15. Ne4 b6 16. Bxd5 Qxd5 17. c4 Qd7 18. Nc3 Rad8 19. Nd5 Ne7 20. Nxe7+ Bxe7 21. Rd1 Qf5 22. Qg4 Qg6 23. Rfe1 f5 24. Qxg6 hxg6 25. b3 Rd7 26. Bc1 Bf6 27. f4 e4 28. dxe4 Rxe4 29.
Kf2 Rxe1 30. Kxe1 Bd4 31. Ke2 Kf7 32. Kf3 Re7 33. Rd3 Re1 34. Be3 Bxe3 35. Rxe3 Rf1+ 36. Kg3 g5 37. Rf3 Ra1 38. a4 gxf4+ 39. Kxf4 Kf6 40. h4 Rd1 41. Kg3 Ke5 42. Re3+ Kf6 43. Rf3 Rd4 44. Rf4 Ke5 45. Rf3 Ke4 46. Rf4+ Ke5 47. Rf3 Rg4+ 48. Kh3 Re4 49. Kg3 g6 50. Kh3 Kd4 51. Kg3 Rg4+ 52.
Kh3 Ke4 53. Rc3 Ke5 54. Rc2 Re4 55. Rc3 Kd4 56. Rg3 Re3 57. Rf3 Ke4 58. Kg3 Re2 59. Rf4+ Ke5 60. Rf3 Rd2 61. Kh3 f4 62. Kg4 Rxg2+ 63.
Kh3 Re2 64. Kg4 Re4 65. h5 gxh5+ 66. Kxh5 Re3 67. Kg4 Rxf3 68. Kxf3 Kf5 69. a5 bxa5 70. Ke2 Ke4 71. Kd2 f3 72. Kc2 f2 73. Kb2 f1=Q 74. Kc2 Qe2+ 75. Kb1 Kd3 0-1

[Event "*** Titled Tuesday Blitz"]
[Site "Chess.com"]
[Date "2021.04.27"]
[Round "2"]
[White "playablecharacter"]
[Black "WildBizon"]
[Result "0-1"]
[WhiteElo "2295"]
[BlackElo "2609"]
[TimeControl "180+1"]
[EndTime "10:20:20 PDT"]
[Termination "WildBizon won by resignation"]

1. d4 Nf6 2. Bg5 g6 3. Bxf6 exf6 4. e3 d5 5. c4 c6 6. Nc3 Bg7 7. Nh3 Bxh3 8. gxh3 dxc4 9. Bxc4 O-O 10. h4 h5 11. Ne4 Re8 12. Ng3 f5 13. Qb3 Qa5+ 14.
Qc3 Qxc3+ 15. bxc3 Nd7 16. Rg1 Kf8 17. O-O-O Bf6 18. Rg2 Bxh4 19. Rdg1 a5 20. Ne2 Nb6 21. Bb3 a4 22. Bc2 Nd5 23. a3 b5 24. Kd2 c5 25.
dxc5 Rec8 26. e4 fxe4 27. Bxe4 Rxc5 28. Nd4 Rd8 29. Bxd5 Rcxd5 30. f4 Bf6 31. f5 Bxd4 32. cxd4 Rxf5 33. Kc3 Rf3+ 34. Kb4 Rxd4+ 35. Kxb5 Rxa3 36.
Rf1 Rb3+ 37. Kc5 Rg4 38. Rgf2 Rb7 39. Kc6 Rgb4 40. Ra2 R4b6+ 41. Kc5 Ra6 42. Rfa1 Kg7 43. Ra3 h4 44. h3 g5 45. Kd5 Kg6 46. Ke5 Ra5+ 47. Kd6 Rb6+ 48. Kc7 Re6 49. Kd7 Ra7+ 50. Kd8 Rb6 51. Kc8 Re6 52. Kb8 Ra5 53. Kb7 Rf6 54. Kc7 Rf4 55. Kb6 Re5 56. Kc6 Ree4 57. Kd6 f6 58.
Kd5 Rb4 59. Kd6 Rb3 60. Kd5 Rxa3 61. Rxa3 f5 62. Ke5 Re4+ 63. Kd5 Kf6 64. Rc3 Re6 65. Ra3 Ra6 66. Kc5 Ra8 67. Kd6 g4 68. hxg4 fxg4 69. Kd5 Kf5 70. Kd4 Kf4 71. Kd3 Kg3 72. Kc4+ Kh2 73.
Ra2+ Kh3 74. Kd3 g3 75. Ke2 a3 76. Kf1 Rf8+ 77. Kg1 Rf3 78. Ra1 Rb3 79. Kf1 Kg4 80. Kg2 Rb2+ 81. Kg1 a2 82. Re1 Rb1 83.
Kg2 h3+ 84. Kf1 Rxe1+ 85. Kxe1 a1=Q+ 86. Ke2 Qb2+ 87. Kd3 0-1